 Dungeon Crawl Stone Soup version 0.31-a0-237-g2d982f9f85 (webtiles) character file.

Game seed: 5869943020874090630

1008 qw the Skirmisher (level 8, -2/70 HPs)
             Began as a Minotaur Hexslinger on July 11, 2023.
             Slain by a killer bee (3 damage)
             ... on level 5 of the Dungeon.
             The game lasted 00:01:53 (4319 turns).

qw the Skirmisher (Minotaur Hexslinger)             Turns: 4319, Time: 00:01:54

Health: -2/70      AC:  7    Str: 14    XL:     8   Next: 1%
Magic:  8/8        EV: 12    Int: 10    God:
Gold:   244        SH:  0    Dex: 14    Spells: 8/9 levels left

rFire   . . .        Y - +2 sling
rCold   . . .        (no shield)
rNeg    . . .        d - +1 leather armour of Urche {Fly}
rPois   .            (helmet restricted)
rElec   .            c - +1 cloak
rCorr   .            (no gloves)
SInv    .            i - +0 pair of boots
Will    .....        h - amulet of faith
Stlth   +            (no ring)
HPRegen 0.31/turn    (no ring)
MPRegen 0.11/turn

%: faith
@: lethally poisoned (-2 -> -17), about to teleport, flying
A: horns 2, retaliatory headbutt
a: no special abilities


You were on level 5 of the Dungeon.
You visited 1 branch of the dungeon, and saw 5 of its levels.

You collected 244 gold pieces.


Innate Abilities, Weirdness & Mutations

You have a pair of horns on your head.
You reflexively headbutt those who attack you in melee.


   Skills:
 - Level 5.8 Fighting
 + Level 8.5 Ranged Weapons
 - Level 1.0 Armour
 - Level 3.2 Dodging
 - Level 1.0 Spellcasting
 - Level 2.0 Hexes


You had 8 spell levels left.
You knew the following spells:

 Your Spells              Type           Power      Damage    Failure   Level
a - Slow                  Hex            16%        N/A       19%         1

Your spell library contained the following spells:

 Spells                   Type           Power      Damage    Failure   Level
 Inner Flame              Hex/Fire       2%         N/A       63%         3
 Portal Projectile        Hex/Tloc       4%         N/A       63%         3
 Cause Fear               Hex            2%         N/A       88%         4

Inventory:

Hand Weapons
 Y - a +2 sling (weapon)
Armour
 c - a +1 cloak (worn)
 d - the +1 leather armour of Urche (worn) {Fly}
   (You found it on level 2 of the Dungeon)

   Fly:       It grants you flight.
 i - a +0 pair of boots (worn)
 j - a +1 leather armour of fire resistance
Jewellery
 h - an amulet of faith (around neck)
 l - a ring of ice
Scrolls
 e - 4 scrolls of identify
 f - a scroll of teleportation
 o - a scroll of brand weapon {unknown}
Potions
 a - a potion of haste
 b - a potion of mutation
 g - 2 potions of might
 k - 5 potions of heal wounds
 m - a potion of curing
 n - a potion of attraction {unknown}

Dungeon Overview and Level Annotations

Branches:
Dungeon (5/15)
 Temple: D:4-7

Altars:
Ashenzari
Cheibriados
Gozag
The Shining One


Message History

The killer bee stings you but does no damage.
The killer bee stings you.
You are more poisoned.
The killer bee poisons you! The killer bee stings you. x2
You shoot a sling bullet.
The sling bullet closely misses the killer bee.
You feel very sick. The killer bee closely misses you. You furiously retaliate!
You headbutt the killer bee!
You kill the killer bee!
The killer bee stings you.
The killer bee stings you but does no damage.
The killer bee stings you.
You have reached level 8!
You feel stronger.
You shoot a sling bullet. The sling bullet hits the killer bee.
The killer bee is heavily wounded.
You feel very sick. The killer bee stings you.
You are more poisoned.
The killer bee poisons you! The killer bee stings you.
The killer bee stings you but does no damage.
The killer bee closely misses you. The killer bee misses you.
The killer bee stings you but does no damage.
You shoot a sling bullet.
The sling bullet barely misses the killer bee.
You feel very sick. The killer bee closely misses you. You furiously retaliate!
You headbutt the killer bee. The killer bee stings you!
You are lethally poisoned!
The killer bee poisons you! The killer bee closely misses you.
The killer bee stings you but does no damage. x3
4319 ||| READING 2 scrolls of teleportation.
As you read the scroll of teleportation, it crumbles to dust.
You feel strangely unstable.
You feel very sick.
The killer bee stings you but does no damage.
The killer bee closely misses you. You furiously retaliate!
You headbutt the killer bee. The killer bee stings you!
The killer bee stings you.
You die...

#...##### #....#
#. #...# #....# #.
#...########
#(...# #.
#.....>....#
#...## #.
###..#######.#
#...# #.
#....###.## #...#
#. #.......#.#
#... #. #..).###.#
#..#.# #@#
.....#.#.yyyy.....
####.#.#.#.#y.....
#.#.#.#..?.....
... ... ##### ###
####


You could see 5 killer bees.

Vanquished Creatures
  Sigmund (D:5)
  Eustachio (D:3)
  A black bear (D:4)
  An ice beast (D:4)
  Blork the orc (D:5)
  A killer bee (D:5)
  2 jellies
  An orc priest (D:5)
  A sleepcap (D:5)
  Terence (D:2)
  2 iguanas (D:5)
  An orc wizard (D:5)
  11 adders
  2 worms
  9 orcs
  13 bats
  8 endoplasms
  7 giant cockroaches
  10 goblins
  9 hobgoblins
  2 jackals (D:5)
  4 quokkas
  5 ball pythons
  2 frilled lizards (D:1)
  11 kobolds
  2 rats
109 creatures vanquished.

Notes
Turn   | Place    | Note
-------+----------+-------------------------------------------
     0 | D:1      | qw the Minotaur Hexslinger began the quest for the Orb.
     0 | D:1      | Reached XP level 1. HP: 16/16 MP: 1/1
     0 | D:1      | 0 ||| qw: Version: 0.3-a-52-g30416fa
     0 | D:1      | 0 ||| qw: Game counter: 5509
     0 | D:1      | 0 ||| qw: Melee chars always use a shield: true
     0 | D:1      | 0 ||| qw: God list: Okawaru
     0 | D:1      | 0 ||| qw: Allow faded altars: false
     0 | D:1      | 0 ||| qw: Do Orc after clearing Dungeon:15 true
     0 | D:1      | 0 ||| qw: Do second Lair branch before Depths: true
     0 | D:1      | 0 ||| qw: Lair rune preference: random
     0 | D:1      | 0 ||| qw: Goals: Normal
     0 | D:1      | 0 ||| PLANNING D:1-11
    39 | D:1      | Reached skill level 3 in Ranged Weapons
    39 | D:1      | Reached XP level 2. HP: 23/23 MP: 2/2
   490 | D:1      | Reached XP level 3. HP: 29/29 MP: 3/3
   755 | D:1      | 755 ||| UPGRADING to +0 leather armour.
   765 | D:1      | 765 ||| DROPPING +0 robe.
   766 | D:1      | 766 ||| UPGRADING to +0 ring mail.
   776 | D:1      | 776 ||| DROPPING +0 leather armour.
   777 | D:1      | 777 ||| READING scroll labelled ZEATE FAUVEUSE.
   778 | D:1      | 778 ||| READING 4 scrolls labelled IBIECHITUA.
   779 | D:1      | 779 ||| READING 3 scrolls labelled BULUSHR FITIMAI.
   783 | D:1      | 783 ||| READING 3 scrolls labelled TEKOWU NABE.
   784 | D:1      | 784 ||| READING scroll labelled PESTRI KECKUU.
   785 | D:1      | 785 ||| READING 3 scrolls of identify.
   785 | D:1      | 785 ||| IDENTIFYING puce potion
   786 | D:1      | 786 ||| READING 2 scrolls of identify.
   786 | D:1      | 786 ||| IDENTIFYING bubbling grey potion
   787 | D:1      | 787 ||| DROPPING scroll of poison.
   788 | D:1      | 788 ||| DROPPING 2 scrolls of immolation.
   851 | D:2      | Reached skill level 4 in Ranged Weapons
   872 | D:2      | Found a snail-covered altar of Cheibriados.
  1070 | D:2      | Reached skill level 1 in Armour
  1153 | D:2      | Reached XP level 4. HP: 36/36 MP: 4/4
  1591 | D:2      | Identified the +1 leather armour of Urche {Fly}
  1752 | D:2      | Noticed Terence
  1759 | D:2      | Killed Terence
  1760 | D:2      | Reached skill level 5 in Ranged Weapons
  1904 | D:2      | 1904 ||| UPGRADING to +1 cloak.
  1909 | D:2      | 1909 ||| UPGRADING to +1 leather armour of Urche {Fly}.
  1919 | D:2      | 1919 ||| DROPPING +0 ring mail.
  1920 | D:2      | 1920 ||| DRINKING 2 smoky golden potions.
  1921 | D:2      | 1921 ||| READING 2 scrolls of identify.
  1921 | D:2      | 1921 ||| IDENTIFYING orange potion
  2131 | D:3      | Reached XP level 5. HP: 42/42 MP: 5/5
  2454 | D:3      | Reached skill level 3 in Fighting
  2626 | D:3      | 2626 ||| UPGRADING to +0 pair of boots.
  2631 | D:3      | 2631 ||| UPGRADING to amulet of faith.
  2636 | D:3      | 2636 ||| READING scroll labelled CILIJE QEYCE.
  2660 | D:4      | Noticed Eustachio
  2668 | D:4      | 2668 ||| STAIRDANCE
  2700 | D:4      | 2700 ||| STAIRDANCE
  2704 | D:3      | 2704 ||| FLEEEEING.
  2706 | D:3      | Killed Eustachio
  2707 | D:3      | Reached skill level 6 in Ranged Weapons
  2707 | D:3      | Reached XP level 6. HP: 41/51 MP: 6/6
  2800 | D:4      | Found an opulent altar of Gozag.
  2800 | D:4      | Noticed an ice beast
  2815 | D:4      | Killed an ice beast
  2910 | D:4      | Reached skill level 7 in Ranged Weapons
  3054 | D:4      | Found a glowing golden altar of the Shining One.
  3098 | D:4      | Found a snail-covered altar of Cheibriados.
  3226 | D:4      | Reached XP level 7. HP: 60/60 MP: 7/7
  3512 | D:4      | 3512 ||| READING scroll labelled YXKORE BOTTUT.
  3513 | D:4      | 3513 ||| DRINKING 2 pink potions.
  3535 | D:5      | Entered Level 5 of the Dungeon
  3607 | D:5      | Found a broken altar of Ashenzari.
  3692 | D:5      | Noticed Blork the orc
  3698 | D:5      | 3698 ||| Stepping ~*~*~tactically~*~*~ (outnumbered).
  3709 | D:5      | HP: 15/60 [Blork the orc/+0 trident (6)]
  3710 | D:5      | 3710 ||| READING 3 scrolls of teleportation.
  3711 | D:5      | 3711 ||| DRINKING 5 potions of heal wounds.
  3714 | D:5      | 3714 ||| FLEEEEING.
  3715 | D:5      | 3715 ||| FLEEEEING.
  3716 | D:5      | 3716 ||| FLEEEEING.
  3717 | D:5      | 3717 ||| FLEEEEING.
  3718 | D:5      | 3718 ||| FLEEEEING.
  3719 | D:5      | 3719 ||| STAIRDANCE
  3768 | D:5      | Reached skill level 8 in Ranged Weapons
  3788 | D:5      | Noticed Sigmund
  3800 | D:5      | Killed Sigmund
  3836 | D:5      | 3836 ||| FLEEEEING.
  3837 | D:5      | 3837 ||| FLEEEEING.
  3842 | D:5      | 3842 ||| STAIRDANCE
  3935 | D:5      | Killed Blork the orc
  3936 | D:5      | Reached skill level 3 in Dodging
  4317 | D:5      | Reached XP level 8. HP: 35/70 MP: 8/8
  4318 | D:5      | HP: 14/70 [killer bee (8)]
  4319 | D:5      | 4319 ||| READING 2 scrolls of teleportation.
  4319 | D:5      | HP: 1/70 [killer bee (8)]
  4319 | D:5      | Slain by a killer bee

Levels and vault maps discovered:
D:1:      dpeg_arrival_tiny_c, layout_loops_ring, serial_glass, glass_columns_a,
          glass_columns_a
D:2:      layout_basic, basic_altar, kennysheep_generic_room_13, uniq_terence
D:3:      layout_loops_ring, feat_on_display
D:4:      layout_rooms, mainiacjoe_overflow_boulevard,
          mainiacjoe_overflow_cross_hatched,
          mainiacjoe_overflow_surrounded_room, dk_noncrumbling_3, uniq_eustachio
D:5:      layout_loops_ring, lemuel_doored_altar, uniq_sigmund,
          uniq_blork_the_orc

Skill      XL: |  1  2  3  4  5  6  7 |
---------------+----------------------+-----
Ranged Weapons | 3 4 5 6 7 8 |  8.5
Fighting       | 2 3 4 5 |  5.8
Armour         | 1 |  1.0
Dodging        | 3 |  3.2
Spellcasting   | |  1.0
Hexes          | |  2.0

Action                     |  1- 3 |  4- 6 |  7- 9 || total
---------------------------+-------+-------+-------++-------
   Fire: Sling             |   143 |   190 |   137 ||   470
    Use: Scroll            |     7 |     2 |     3 ||    12
         Potion            |       |     1 |     2 ||     3
 Armour: Robe              |     6 |       |       ||     6
         Ring mail         |     6 |    11 |       ||    17
         Leather armour    |       |    27 |    26 ||    53
  Dodge: Dodged            |    33 |    80 |    51 ||   164

Table legend:
 A = Non-vault XP
 B = Vault XP
 C = Vault XP percentage of total XP
 D = Non-vault monster count
 E = Vault monster count
 F = Vault count percentage of total count
                 A         B        C        D         E       F
            +---------+---------+-------+---------+---------+-------
      Total |     889 |     551 |  38.3 |     104 |       5 |   4.6
            +---------+---------+-------+---------+---------+-------
        D:1 |      53 |       0 |   0.0 |      33 |       0 |   0.0
        D:2 |      76 |      38 |  33.3 |      22 |       2 |   8.3
        D:3 |     102 |     191 |  65.2 |      14 |       1 |   6.7
        D:4 |     294 |       0 |   0.0 |      15 |       0 |   0.0
        D:5 |     364 |     322 |  46.9 |      20 |       2 |   9.1
            +---------+---------+-------+---------+---------+-------
